 Dungeon Crawl Stone Soup version 0.30-a0-305-g026cb31310 (webtiles) character file.

Game seed: 4167283461898570869

108 McGhostyFace the Covert (level 4, 0/41 HPs)
             Began as a Gnoll Delver on Oct 23, 2022.
             Slain by a hornet (6 damage)
             ... while paralysed by a hornet
             ... on level 4 of the Dungeon.
             The game lasted 00:02:39 (745 turns).

McGhostyFace the Covert (Gnoll Delver)               Turns: 745, Time: 00:02:40

Health: 0/41       AC:  4    Str: 11    XL:     4   Next: 87%
Magic:  5/5        EV:  2    Int: 11    God:
Gold:   7          SH:  0    Dex: 14    Spells: 5/5 levels left

rFire   . . .      SeeInvis .    a - +0 short sword
rCold   . . .      Faith    .    (no shield)
rNeg    . . .      Spirit   .    b - +0 leather armour
rPois   .          Reflect  .    (no helmet)
rElec   .          Harm     .    (no cloak)
rCorr   .          Rampage  .    j - +0 pair of gloves
Will    .....                    (no boots)
Stlth   ++++......               (no amulet)
HPRegen 0.26/turn                (no ring)
MPRegen 0.09/turn                (no ring)

@: paralysed, lethally poisoned (0 -> -12)
A: fangs 1, strong nose, distributed training
a: no special abilities


You were on level 4 of the Dungeon.
You visited 1 branch of the dungeon, and saw 2 of its levels.

You collected 7 gold pieces.

Inventory:

Hand Weapons
 a - a +0 short sword (weapon)
Armour
 b - a +0 leather armour (worn)
 j - a +0 pair of gloves (worn)
Wands
 g - a wand of digging (2)
Scrolls
 c - a scroll of fog
 d - 3 scrolls of magic mapping
 e - a scroll of fear
 h - 2 scrolls of identify {unknown}
 i - a scroll of poison {unknown}
 l - a scroll of teleportation {unknown}
Potions
 f - a potion of flight {unknown}
 k - a potion of lignification {unknown}


   Skills:
 + Level 6.6 Fighting
 + Level 4.7 Short Blades
 + Level 1.3 Long Blades
 + Level 1.3 Axes
 + Level 1.3 Maces & Flails
 + Level 1.3 Polearms
 + Level 1.3 Staves
 + Level 1.3 Ranged Weapons
 + Level 1.3 Throwing
 + Level 1.3 Armour
 + Level 4.7 Dodging
 + Level 9.6 Stealth
 + Level 1.3 Shields
 + Level 1.3 Unarmed Combat
 + Level 1.3 Spellcasting
 + Level 1.0 Conjurations
 + Level 1.0 Hexes
 + Level 1.0 Summonings
 + Level 1.0 Necromancy
 + Level 1.0 Translocations
 + Level 1.0 Transmutations
 + Level 1.0 Fire Magic
 + Level 1.0 Ice Magic
 + Level 1.0 Air Magic
 + Level 1.0 Earth Magic
 + Level 1.0 Poison Magic
 + Level 1.4 Invocations
 + Level 1.3 Evocations


You had 5 spell levels left.
You didn't know any spells.
Your spell library contained the following spells:

 Spells                   Type           Power      Damage    Failure   Level
 Inner Flame              Hex/Fire       3%         N/A       63%         3
 Flame Wave               Conj/Fire      3%         2d5       95%         4
 Sticky Flame             Conj/Fire      3%         2d3       95%         4


Dungeon Overview and Level Annotations

Branches:
Dungeon (5/15)
 Temple: D:4-7

Altars:


Innate Abilities, Weirdness & Mutations

You have very sharp teeth.
Your uncanny sense of smell can sniff out nearby items.
Your experience applies equally to all skills.


Message History

You start resting.
HP restored.
You open the door.
There is an open door here.
A hornet comes into view.
You barely miss the adder.
The adder hisses angrily.
The adder bites you.
You are poisoned.
The adder poisons you!
The hornet buzzes angrily.
You hit the adder.
The adder is moderately wounded.
You feel sick.
You hear a shout!
The adder completely misses you.
You barely miss the adder. You bite the adder.
The adder is heavily wounded.
You feel sick. The adder barely misses you.
You closely miss the adder.
The adder is heavily wounded.
You feel sick. The adder bites you.
You feel sick.
You are no longer poisoned.
The adder attacks as you move away! The adder bites you but does no damage.
Found 2 javelins.
The hornet stings you!
You are poisoned.
You feel yourself slow down. The adder bites you but does no damage.
There is an open door here.
You feel yourself speed up.
You feel very sick. The hornet stings you!
* * * LOW HITPOINT WARNING * * *
You are lethally poisoned!
You suddenly lose the ability to move!
* * * LOW HITPOINT WARNING * * *
You feel very sick. The hornet stings you.
You die...

....#....#....#
....#....#....# #...
#####....#...######...
###......#####.......
..#......#...#......
..#......#...#.....#
###......#...#.....#
.........#...#.(...#
...#'#####...#..@..#
...#....###'####y###
...#....##...##.S.##...
####..........).........
#....##..............
#######...........♣.~
...'....##...##.~~~
h..#....##...# ..~~ ~..
##........# ♣≈~


You could see a hornet and an adder.

Vanquished Creatures
  A necrophage (D:5)
  A hound (D:5)
  3 ufetubi (D:4)
  A goblin (D:4)
6 creatures vanquished.

Vanquished Creatures (others)
  3 demonic plants (D:4)
3 creatures vanquished.

Grand Total: 9 creatures vanquished

Notes
Turn   | Place    | Note
-------+----------+-------------------------------------------
     0 | D:5      | Reached skill level 9 in Stealth
     0 | D:5      | McGhostyFace the Gnoll Delver began the quest for the Orb.
     0 | D:5      | Reached XP level 1. HP: 23/23 MP: 1/1
     3 | D:5      | Noticed a hound
    26 | D:5      | Killed a hound
    27 | D:5      | Reached XP level 2. HP: 10/29 MP: 1/3
    27 | D:5      | Reached XP level 3. HP: 12/35 MP: 1/4
   239 | D:5      | Noticed a necrophage
   302 | D:5      | Killed a necrophage
   303 | D:5      | Reached skill level 1 in Long Blades
   303 | D:5      | Reached skill level 1 in Axes
   303 | D:5      | Reached skill level 1 in Maces & Flails
   303 | D:5      | Reached skill level 1 in Polearms
   303 | D:5      | Reached skill level 1 in Staves
   303 | D:5      | Reached skill level 1 in Ranged Weapons
   303 | D:5      | Reached skill level 1 in Throwing
   303 | D:5      | Reached skill level 1 in Armour
   303 | D:5      | Reached skill level 1 in Shields
   303 | D:5      | Reached skill level 1 in Unarmed Combat
   303 | D:5      | Reached skill level 1 in Spellcasting
   303 | D:5      | Reached skill level 1 in Conjurations
   303 | D:5      | Reached skill level 1 in Hexes
   303 | D:5      | Reached skill level 1 in Summonings
   303 | D:5      | Reached skill level 1 in Necromancy
   303 | D:5      | Reached skill level 1 in Translocations
   303 | D:5      | Reached skill level 1 in Transmutations
   303 | D:5      | Reached skill level 1 in Fire Magic
   303 | D:5      | Reached skill level 1 in Ice Magic
   303 | D:5      | Reached skill level 1 in Air Magic
   303 | D:5      | Reached skill level 1 in Earth Magic
   303 | D:5      | Reached skill level 1 in Poison Magic
   303 | D:5      | Reached skill level 1 in Invocations
   303 | D:5      | Reached skill level 1 in Evocations
   303 | D:5      | Reached XP level 4. HP: 24/41 MP: 5/5
   400 | D:5      | Noticed a necrophage
   736 | D:4      | Noticed a hornet
   744 | D:4      | Paralysed by a hornet for 2 turns
   745 | D:4      | Slain by a hornet

Illustrated notes

Levels and vault maps discovered:
D:4:      layout_gridville, nicolae_wu_jian_immortal_techniques, serial_demonic,
          serial_demonic_f, serial_demonic_c, serial_demonic_d,
          serial_demonic_c, serial_demonic_f, serial_demonic_f,
          serial_demonic_a, serial_demonic_e, serial_demonic_f,
          serial_demonic_a, serial_shops, nicolae_square_shop,
          minmay_misc_feat_tower, uniq_grinder
D:5:      layout_rooms, nicolae_tso_swordbearing_angel, serial_shops,
          nicolae_shop_advertising_works [nicolae_subvault_shop_adworks]

Skill      XL: |  1  2  3 |
---------------+----------+-----
Stealth        | |  9.6
Long Blades    | 1 |  1.3
Axes           | 1 |  1.3
Maces & Flails | 1 |  1.3
Polearms       | 1 |  1.3
Staves         | 1 |  1.3
Ranged Weapons | 1 |  1.3
Throwing       | 1 |  1.3
Armour         | 1 |  1.3
Shields        | 1 |  1.3
Unarmed Combat | 1 |  1.3
Spellcasting   | 1 |  1.3
Conjurations   | 1 |  1.0
Hexes          | 1 |  1.0
Summonings     | 1 |  1.0
Necromancy     | 1 |  1.0
Translocations | 1 |  1.0
Transmutations | 1 |  1.0
Fire Magic     | 1 |  1.0
Ice Magic      | 1 |  1.0
Air Magic      | 1 |  1.0
Earth Magic    | 1 |  1.0
Poison Magic   | 1 |  1.0
Invocations    | 1 |  1.4
Evocations     | 1 |  1.3
Fighting       | |  6.6
Short Blades   | |  4.7
Dodging        | |  4.7

Action                   |  1- 3 |  4- 6 || total
-------------------------+-------+-------++-------
Melee: Short sword       |    36 |    24 ||    60
       Bite              |     2 |     3 ||     5
       Punch             |     1 |     1 ||     2
Evoke: Wand              |       |     1 ||     1
  Use: Potion            |     1 |       ||     1
Armor: Leather armour    |     6 |    12 ||    18
Dodge: Dodged            |    15 |    27 ||    42

Table legend: (Time is in decaauts)
 A = Elapsed time spent in this place.
 B = Non-inter-level travel time spent in this place.
 C = Inter-level travel time spent in this place.
 D = Time resting spent in this place.
 E = Time spent auto-exploring this place.
 F = Levels seen in this place.
 G = Mean time per level.
                   A        B        C        D        E       F      G
               +--------+--------+--------+--------+--------+-----+--------+
         Total |    711 |    686 |     25 |    226 |     86 |   2 |  355.5 |
       Dungeon |    711 |    686 |     25 |    226 |     86 |   2 |  355.5 |
               +--------+--------+--------+--------+--------+-----+--------+

Top non-repeatable levels by time:
     D:5: 399 daAuts
     D:4: 312 daAuts
